 Dungeon Crawl Stone Soup version 0.27-a0-1256-gced786f65e (webtiles) character file.

Game seed: 10663838604178129710

3110 RepHenryClay the Thaumaturge (level 10, -12/60 HPs)
             Began as a Djinni Fire Elementalist on June 5, 2021.
             Was an Initiate of Makhleb.
             Mangled by a two-headed ogre
             ... wielding a +0 giant spiked club
              (18 damage)
             ... on level 9 of the Dungeon on June 11, 2021.
             The game lasted 00:19:41 (11007 turns).

RepHenryClay the Thaumaturge (DjFE)                Turns: 11007, Time: 00:19:42

Health: -12/60     AC:  5    Str:  7    XL:     10   Next: 13%
Gold:   171        EV: 12    Int: 20    God:    Makhleb [......] SH:  0 Dex: 14

rFire    + + .     SeeInvis .   b - +1 whip (elec)
rCold    x . .     Faith    .   (no shield)
rNeg     . . .     Spirit   .   a - +0 robe
rPois    ∞         Reflect  .   (no helmet)
rElec    .         Harm     .   F - +2 cloak
rCorr    .         Rampage  .   (no gloves)
Will     +....                  (boots unavailable)
Stlth    ++........             (no amulet)
HPRegen  0.20/turn              (no ring)
MPRegen  0.00/turn              (no ring)

@: flying
A: sickness immunity, fire resistance 2, cold vulnerability 1, float, innate
caster, hp casting, extra vitality 1
a: Renounce Religion


You were on level 9 of the Dungeon.
You worshipped Makhleb.
Makhleb was noncommittal.
You visited 2 branches of the dungeon, and saw 10 of its levels.

You collected 259 gold pieces.
You spent 88 gold pieces at shops.

Inventory:

Hand Weapons
 b - a +1 whip of electrocution (weapon)
Missiles
 u - a throwing net
 B - a curare-tipped dart
Armour
 a - a +0 robe (worn)
 t - a +0 leather armour of positive energy
 F - a +2 cloak (worn)
Magical Staves
 D - a staff of cold
Wands
 p - a wand of polymorph (15)
 x - a wand of mindburst (23)
Scrolls
 c - 4 scrolls of teleportation {unknown}
 d - 7 scrolls of identify {unknown}
 f - a scroll of blinking {unknown}
 i - 2 scrolls of enchant weapon {unknown}
 j - a scroll of enchant armour {unknown}
 k - a scroll of torment {unknown}
 m - 3 scrolls of amnesia {unknown}
 n - a scroll of acquirement {unknown}
 r - a scroll of fog {unknown}
 s - a scroll of summoning {unknown}
 w - 2 scrolls of fear {unknown}
 y - a scroll of immolation {unknown}
 A - a scroll of brand weapon {unknown}
Potions
 e - a potion of degeneration {unknown}
 g - 3 potions of curing
 h - 3 potions of heal wounds
 l - a potion of attraction {unknown}
 o - 2 potions of mutation {unknown}
 q - 2 potions of flight {unknown}
 v - 2 potions of ambrosia {unknown}
 z - 2 potions of berserk rage {unknown}
 C - a potion of invisibility {unknown}
 E - a potion of magic {unknown}


   Skills:
 - Level 2.3 Dodging
 - Level 1.7 Stealth
 + Level 10.6 Spellcasting


You had 4 spell levels left.
You knew the following spells:

 Your Spells              Type           Power      Damage    Failure   Level
a - Foxfire               Conj/Fire      100%       2x1d9     1%          1
b - Conjure Flame         Conj/Fire      52%        6-21      1%          3
c - Inner Flame           Hex/Fire       52%        N/A       1%          3
d - Sticky Flame          Conj/Fire      52%        2d7       1%          4
e - Fireball              Conj/Fire      26%        3d12      2%          5
f - Pain                  Necr           100%       1d9       1%          1
g - Slow                  Hex            52%        N/A       1%          2
h - Summon Guardian Gole  Hex/Summ       52%        N/A       1%          3
i - Olgreb's Toxic Radia  Pois           52%        N/A       1%          4
Your spell library was empty.

Dungeon Overview and Level Annotations

Branches:
Dungeon (9/15)             Temple (1/1) D:4
   Lair: D:8-11         Orc: D:9-12

Altars:
Ashenzari
Cheibriados
Dithmenos
Elyvilon
Fedhas
Gozag
Hepliaklqana
Kikubaaqudgha
Makhleb
Nemelex Xobeh
Okawaru
Qazlal
Ru
Sif Muna
Trog
Uskayaw
Vehumet
Wu Jian
Xom
Yredelemnul
Zin
The Shining One

Shops:
D:3 :**![


Innate Abilities, Weirdness & Mutations

You are immune to sickness and miasma.
You are immune to poison.
Your flesh is very heat resistant. (rF++)
You are vulnerable to cold. (rC-)
You float through the air rather than walking.
You learn spells naturally, not from books.
Your magical power is your life essence.
You have superior vitality. (+4 HP)


Message History

The two-headed ogre is moderately wounded.
Damage: -6%(-4hp) hp: 94%(56hp)
Casting: Fireball (dangerous; 2% risk of failure)
Confirm with . or Enter, or press ? or * to list all spells.
Aiming: Fireball (dangerous; 2% risk of failure)
Press: ? - help, Shift-Dir - straight line, f/p - two-headed ogre
Aim: a two-headed ogre, wielding two +0 giant spiked clubs (moderately wounded)
The fireball explodes!
The fireball engulfs the two-headed ogre!
The two-headed ogre is heavily wounded.
Damage: -9%(-5hp) hp: 85%(51hp)
Casting: Fireball (dangerous; 2% risk of failure)
Confirm with . or Enter, or press ? or * to list all spells.
Aiming: Fireball (dangerous; 2% risk of failure)
Press: ? - help, Shift-Dir - straight line, f/p - two-headed ogre
Aim: a two-headed ogre, wielding two +0 giant spiked clubs (heavily wounded)
The fireball explodes!
The fireball engulfs the two-headed ogre!
The two-headed ogre is severely wounded.
Damage: -8%(-5hp) hp: 77%(46hp)
Casting: Fireball (dangerous; 2% risk of failure)
Confirm with . or Enter, or press ? or * to list all spells.
Aiming: Sticky Flame (dangerous; 1% risk of failure)
Press: ? - help, Shift-Dir - straight line, f/p - two-headed ogre
Aim: a two-headed ogre, wielding two +0 giant spiked clubs (severely wounded, 100% to hit)
The sticky flame hits the two-headed ogre.
The two-headed ogre is severely wounded.
The two-headed ogre is covered in liquid flames!
The two-headed ogre burns!
The two-headed ogre hits you with a +0 giant spiked club.
The two-headed ogre barely misses you.
Damage: -12%(-7hp) hp: 65%(39hp)
The two-headed ogre burns!
The two-headed ogre burns!
The two-headed ogre burns!
The two-headed ogre hits you with a +0 giant spiked club!!
Ouch! That really hurt!
* * * LOW HITPOINT WARNING * * *
The two-headed ogre hits you with a +0 giant spiked club!!
You die...

###################
...........(.......
.####......##.. ..
#.O....##...# ## #.@....##...#
#......##...# #......##...#
#......##...##.# ####
#......##...##.# ...#
#...........##.# ...#..# #.
#...........##.# ...#..##.(
###......##...##.#
...#.....#####).......##...##.#


You could see a two-headed ogre (burning).

Vanquished Creatures
  A two-headed ogre (D:8)
  A vampire (D:9)
  A wyvern (D:9)
  2 water moccasins
  An orc warrior (D:7)
  2 black bears
  A necrophage (D:4)
  2 ogres
  A phantom (D:4)
  Blork the orc (D:6)
  A kobold brigand (D:7)
  A gnoll sergeant (D:6)
  A scorpion (D:4)
  A wyvern zombie (D:6)
  A water moccasin skeleton (D:6)
  3 killer bees (D:9)
  A crimson imp (D:6)
  A bullfrog zombie (D:5)
  4 hounds
  4 orc priests
  A bullfrog skeleton (D:5)
  A centaur skeleton (D:5)
  5 iguanas
  4 orc wizards
  A hound skeleton (D:4)
  A howler monkey skeleton (D:4)
  8 adders
  8 gnolls (D:6)
  A shadow imp (D:5)
  4 white imps
  An adder skeleton (D:4)
  4 worms (D:4)
  2 dart slugs
  20 orcs
  7 ball pythons
  3 bats
  6 endoplasms
  3 giant cockroaches
  5 goblins
  4 hobgoblins
  2 jackals (D:2)
  15 kobolds
  6 quokkas
  3 frilled lizards
  6 rats
152 creatures vanquished.

Vanquished Creatures (others)
  469 foxfires
469 creatures vanquished.

Grand Total: 621 creatures vanquished

Notes
Turn   | Place    | Note
-------+----------+-------------------------------------------
     0 | D:1      | RepHenryClay the Djinni Fire Elementalist began the quest
                  | for the Orb.
     0 | D:1      | Reached XP level 1. HP: 15/15 MP: 0/0
     1 | D:1      | Noticed an electric eel
   336 | D:1      | Reached XP level 2. HP: 19/21 MP: 0/0
   404 | D:1      | Found a faded altar of an unknown god.
  1038 | D:2      | Reached skill level 3 in Spellcasting
  1185 | D:2      | Reached XP level 3. HP: 22/25 MP: 0/0
  1185 | D:2      | Learned a level 1 spell: Pain
  1832 | D:2      | Reached XP level 4. HP: 29/31 MP: 0/0
  2532 | D:3      | Found Wiurukleg's Book Shoppe.
  2644 | D:3      | Found Qycabbet's Armour Emporium.
  2681 | D:3      | Found Jyxzorep's Distillery.
  2698 | D:3      | Bought a potion of heal wounds for 55 gold pieces
  2698 | D:3      | Bought a potion of curing for 33 gold pieces
  2742 | D:3      | Found Mulemy's General Store.
  2774 | D:3      | Found Pida's Assorted Antiques.
  3033 | D:4      | Found a staircase to the Ecumenical Temple.
  3076 | Temple   | Entered the Ecumenical Temple
  3369 | D:4      | Reached skill level 4 in Spellcasting
  3369 | D:4      | Reached XP level 5. HP: 23/35 MP: 0/0
  3369 | D:4      | Learned a level 2 spell: Slow
  3670 | D:4      | Noticed a black bear
  3680 | D:4      | Killed a black bear
  3681 | D:4      | Reached XP level 6. HP: 32/40 MP: 0/0
  3798 | D:4      | Reached skill level 5 in Spellcasting
  4579 | D:4      | Noticed an ogre
  4596 | D:4      | Killed an ogre
  4597 | D:4      | Reached XP level 7. HP: 37/45 MP: 0/0
  4597 | D:4      | Learned a level 3 spell: Summon Guardian Golem
  4597 | D:4      | Upgraded the game from 0.27-a0-1217-g8a41f320e8 to
                  | 0.27-a0-1256-gced786f65e
  4791 | D:4      | Reached skill level 6 in Spellcasting
  5708 | D:5      | Entered Level 5 of the Dungeon
  5738 | D:5      | Noticed a water moccasin
  6118 | D:5      | Reached XP level 8. HP: 29/50 MP: 0/0
  6120 | D:5      | Reached skill level 7 in Spellcasting
  7374 | D:6      | Reached skill level 8 in Spellcasting
  7597 | D:6      | Reached XP level 9. HP: 52/55 MP: 0/0
  7597 | D:6      | Learned a level 4 spell: Olgreb's Toxic Radiance
  8137 | D:6      | Noticed Blork the orc
  8146 | D:6      | Killed Blork the orc
  8446 | D:6      | Reached skill level 9 in Spellcasting
  8898 | D:6      | Found a burning altar of Makhleb.
  8899 | D:6      | Found a shimmering altar of Xom.
  9171 | D:6      | Became a worshipper of Makhleb the Destroyer
  9478 | D:7      | Found a sparkling altar of Nemelex Xobeh.
  9481 | D:7      | Found a broken altar of Ashenzari.
 10046 | D:7      | You are sucked into a shaft and drop 2 floors!
 10751 | D:8      | Noticed a two-headed ogre
 10755 | D:8      | Killed a two-headed ogre
 10756 | D:8      | Reached skill level 10 in Spellcasting
 10756 | D:8      | Reached XP level 10. HP: 40/60 MP: 0/0
 10997 | D:9      | Noticed a two-headed ogre
 11007 | D:9      | Mangled by a two-headed ogre

Illustrated notes

Levels and vault maps discovered:
D:1:      arrival_aquarium_a, layout_loops_ring,
          ebering_ecumenical_altar_sacrificial, st_stairs_6
D:2:      minmay_angry_zag, layout_basic, minmay_distorted
D:3:      layout_rooms, serial_shops, shop, shop, nicolae_shop_window_shopping,
          shop, nicolae_shop_statue_plus, dk_noncrumbling_3
D:4:      minmay_inner_zag, layout_loops_ring, temple_doors_ab
D:5:      layout_basic, serial_rivers, chequers_serial_rivers_small_b,
          chequers_serial_rivers_small_b, chequers_serial_rivers_micro_c,
          chequers_serial_rivers_micro_a
D:6:      layout_loops_ring, grunt_temple_overflow_champion_of_chaos,
          uniq_blork_the_orc
D:7:      layout_basic, chequers_temple_overflow_statue_of_worship
D:8:      layout_loops_ring, serial_shops, shop
D:9:      layout_long_grid, serial_co_window_serial, co_window_cross_1,
          co_window_paths_b, co_window_corner_a, co_window_paths_a,
          co_window_paths_b, co_window_of_opportunity_c, co_window_2corner,
          co_window_of_opportunity_b, glass_columns_b, serial_bayou_ford_a
Temple:   eino_narrow_crystal_temple

Skill      XL: |  1  2  3  4  5  6  7  8  9 |
---------------+----------------------------+-----
Spellcasting   | 3 4 5 6 8 10 | 10.6
Dodging        | |  2.3
Stealth        | |  1.7

Action                   |  1- 3 |  4- 6 |  7- 9 | 10-12 || total
-------------------------+-------+-------+-------+-------++-------
Melee: Whip              |       |     4 |     5 |       ||     9
 Cast: Foxfire           |    78 |    99 |   118 |     7 ||   302
       Pain              |       |    10 |     2 |       ||    12
       Conjure Flame     |       |     2 |       |       ||     2
       Sticky Flame      |       |       |    35 |     1 ||    36
       Fireball          |       |       |    12 |     3 ||    15
       Olgreb's Toxic Ra |       |       |     4 |       ||     4
       Summon Guardian G |       |       |     1 |       ||     1
  Use: Potion            |       |       |     1 |       ||     1
 Stab: Sleeping          |       |     2 |       |       ||     2
Armor: Robe              |     2 |     3 |     4 |       ||     9
Dodge: Dodged            |    10 |    18 |    47 |     1 ||    76

Table legend: (Time is in decaauts)
 A = Elapsed time spent in this place.
 B = Non-inter-level travel time spent in this place.
 C = Inter-level travel time spent in this place.
 D = Time resting spent in this place.
 E = Time spent auto-exploring this place.
 F = Levels seen in this place.
 G = Mean time per level.
                   A        B        C        D        E       F      G
               +--------+--------+--------+--------+--------+-----+--------+
         Total |  11015 |  10347 |    668 |   2276 |   6937 |  10 | 1101.5 |
       Dungeon |  10794 |  10141 |    653 |   2276 |   6731 |   9 | 1199.3 |
        Temple |    220 |    206 |     14 |      0 |    206 |   1 |  220.0 |
               +--------+--------+--------+--------+--------+-----+--------+

Top non-repeatable levels by time:
     D:4: 2800 daAuts
     D:5: 1824 daAuts
     D:6: 1526 daAuts
     D:2: 1420 daAuts
     D:1: 1038 daAuts
     D:9: 858 daAuts
     D:3: 613 daAuts
     D:7: 610 daAuts
  Temple: 220 daAuts
     D:8: 102 daAuts
